 Dungeon Crawl Stone Soup version 0.21.1-1-g345015f (webtiles) character file.

84925 diana the Fencer (level 15, -7/122 HPs)
             Began as a Demonspawn Gladiator on May 31, 2018.
             Was a High Priest of Trog.
             Mangled by an entropy weaver (14 damage)
             ... on level 1 of the Spider Nest on June 1, 2018.
             The game lasted 01:37:51 (34977 turns).

diana the Fencer (Demonspawn Gladiator)            Turns: 34977, Time: 01:37:59

Health: -7/122     AC:  5    Str: 22    XL:     15   Next: 36%
Magic:  18/18      EV: 23    Int:  9    God:    Trog [*****.]
Gold:   1754       SH: 22    Dex: 24    Spells: 14/14 levels left

rFire    x . .     SeeInvis +   S - +9 falchion of the Nexus {venom, Dex+5}
rCold    + . .     Gourm    .   W - +0 large shield
rNeg     . . .     Faith    .   l - +4 scale mail "Acileazy" {*Drain rPois MR++}
rPois    +         Spirit   .   c - +2 helmet {SInv}
rElec    .         Reflect  +   I - +0 cloak {+Inv}
rCorr    .         Harm     .   O - +1 pair of gloves
MR       +++++                  (no boots)
Stlth    ++........             R - +5 amulet of reflection
HPRegen  1.30/turn              i - ring of ice
MPRegen  0.16/turn              w - +1 ring of evasion

@: agile, corroded, regenerating
A: claws 1, slimy green scales 2, blink, clumsy 1, demonic guardian 1, sense
surroundings 1, powered by pain 3, strong 1
a: Blink, Berserk, Trog's Hand, Brothers in Arms, Burn Spellbooks, Renounce
Religion, Evoke Invisibility


You were on level 1 of the Spider Nest.
You worshipped Trog.
Trog was extremely pleased with you.
You were very hungry.

You visited 4 branches of the dungeon, and saw 24 of its levels.
You also visited: Sewer and Bailey.

You collected 2415 gold pieces.
You spent 661 gold pieces at shops.

Inventory:

Hand Weapons
 S - the +9 falchion of the Nexus (weapon) {venom, Dex+5}
   (You took it off a death knight on level 11 of the Dungeon)

   It poisons the flesh of those it strikes.
   It affects your dexterity (+5).
 V - the +9 long sword "Cuosio" {flame, *Contam rPois Int+5}
   (Trog gifted it to you on level 12 of the Dungeon)

   It has been specially enchanted to burn those struck by it, causing extra
   injury to most foes and up to half again as much damage against particularly
   susceptible opponents.
   Big, fiery blades are also staple armaments of hydra-hunters.
   It affects your intelligence (+5).
   It protects you from poison.
   It causes magical contamination when unequipped.
Missiles
 d - 6 throwing nets (quivered)
Armour
 c - a +2 helmet of see invisible (worn)
 l - the +4 scale mail "Acileazy" (worn) {*Drain rPois MR++}
   (You found it in a bailey)

   It protects you from poison.
   It affects your resistance to hostile enchantments.
   It causes draining when unequipped.
 I - a +0 cloak of invisibility (worn)
 O - a +1 pair of gloves (worn)
 W - a +0 large shield (worn)
Jewellery
 i - a ring of ice (left hand)
 w - a +1 ring of evasion (right hand)
 R - a +5 amulet of reflection (around neck)
Wands
 h - a wand of scattershot (3)
 n - a wand of iceblast (6)
 o - a wand of clouds (5)
 p - a wand of acid (31)
 y - a wand of digging (11)
 A - a wand of disintegration (10)
 F - a wand of flame (24)
 L - a wand of enslavement (34)
 Q - a wand of paralysis (34)
Scrolls
 e - 2 scrolls of magic mapping
 g - 2 scrolls of teleportation
 s - 4 scrolls of amnesia
 v - 2 scrolls of enchant weapon
 x - 17 scrolls of remove curse
 C - a scroll of fear {unknown}
 D - a scroll of random uselessness {unknown}
 E - 3 scrolls of vulnerability {unknown}
 G - a scroll of acquirement
 J - 3 scrolls of fog {unknown}
 K - 5 scrolls of enchant armour
 M - a scroll of blinking {unknown}
 N - a scroll of silence {unknown}
 P - 2 scrolls of immolation {unknown}
 U - a scroll of torment {unknown}
 Z - a scroll of brand weapon {unknown}
Potions
 b - a potion of might
 j - 9 potions of flight
 m - 3 potions of invisibility
 q - 2 potions of berserk rage
 t - 3 potions of brilliance
 u - 2 potions of agility
 B - 2 potions of mutation
 H - a potion of lignification
 X - 3 potions of resistance
Miscellaneous
 a - a phial of floods
 Y - a box of beasts
Comestibles
 f - 28 rations


   Skills:
 + Level 12.5 Fighting
 * Level 16.2 Long Blades
 - Level 1.9 Throwing
 + Level 4.9 Armour
 + Level 11.9 Dodging
 - Level 0.3 Stealth
 + Level 8.0 Shields
 + Level 4.6 Evocations


You had 14 spell levels left.
You didn't know any spells.

Dungeon Overview and Level Annotations

Branches:
Dungeon (15/15)            Temple (0/1) D:5            Lair (6/6) D:10
 Shoals (0/4) Lair:4       Spider (1/4) Lair:2        Slime (0/5) Lair:5
    Orc (2/2) D:12            Elf (0/3) Orc:2        Vaults (0/5) D:13
 Depths (0/5) D:15

Altars:
Dithmenos
Elyvilon
Fedhas
Hepliaklqana
Kikubaaqudgha
Trog
Uskayaw
Wu Jian
Xom
The Shining One
Jiyva

Shops:
Orc:1 =   Orc:2 [[[=


Innate Abilities, Weirdness & Mutations

You have sharp fingernails.
You are mostly covered in slimy green scales. (AC +3)
A weak demonic guardian rushes to your aid.
You are powered by pain.
You can translocate small distances at will.
You are clumsy. (Dex -2)
You passively map a small area around you.
Your muscles are strong. (Str +2)


Message History

You feel somewhat more hungry. The redback barely misses you.
Something bites your iron imp.
Your iron imp dies!
The entropy weaver hits your white imp.
The entropy weaver closely misses your white imp.
The entropy weaver hits your white imp.
Your white imp dies!
Your white imp barely misses the redback.
The redback completely misses you.
You riposte.
You hit the redback.
The redback is poisoned.
The redback is moderately wounded.
You block the jumping spider's attack. x2
You hit the entropy weaver but do no damage.
The entropy weaver looks as sick as possible!
The entropy weaver is almost dead.
The entropy weaver hits you!
* * * LOW HITPOINT WARNING * * *
You block the entropy weaver's attack. The entropy weaver barely misses you.
The entropy weaver hits you!
You die...

* * , , * ##..#.... **
##........, #.........
#......... , ,
#...#..!,, #..... * ####
####..s# , ,
.......##*#..../@#... *
.........##....a#s....#
...............s..5.....
.........^.......#......
*
..................##....
.................##
ยง... ,
...................#,..#
, ............#.......
,.#
........)..##........


You could see an entropy weaver, a jumping spider, a tarantella, a redback and a
friendly white imp.

Vanquished Creatures
  Rupert (Spider:1)
  Kirke (D:12)
  Nessos (Orc:2)
  3 dire elephants (Lair:6)
  The ghost of kae the Martial Artist, a journeyman GnTm of Okawaru (Lair:3)
  The ghost of Rekenzichi the Bludgeoner, a journeyman GrFi of Hepliaklqana (Lair:2)
  Harold (D:12)
  An anaconda (Lair:6)
  3 hydras
  4 two-headed ogres
  2 centaur warriors
  2 dancing weapons (D:13)
  A death knight (D:11)
  An ogre mage (D:15)
  5 tengu warriors
  An orc high priest (Bailey)
  3 unseen horrors
  4 ugly things
  4 wolf spiders (Spider:1)
  4 orc knights
  An orc sorcerer (D:15)
  2 deep elf magi (D:15)
  A cyclops (D:15)
  A manticore (Lair:4)
  The ghost of Curus the Martial Artist, a novice MfTm of Okawaru (D:5)
  4 elephants (Lair:6)
  4 black mambas
  Joseph (D:7)
  3 centaur zombies
  Psyche (D:12)
  4 gargoyles
  12 spiny frogs
  8 komodo dragons
  2 kobold demonologists
  An efreet (D:15)
  A demonic crawler (Spider:1)
  A tengu conjurer (D:14)
  6 trolls
  3 hornets
  5 jumping spiders (Spider:1)
  3 polar bears
  24 blink frogs
  6 slime creatures
  9 hippogriffs
  A vampire (D:10)
  5 tarantellas (Spider:1)
  6 redbacks (Spider:1)
  A shadow (D:12)
  A spriggan (shapeshifter) (D:15)
  2 wraiths
  7 basilisks
  4 wyverns
  6 hogs (D:12)
  45 yaks
  3 hungry ghosts
  A vampire mosquito (D:11)
  A soldier ant (D:10)
  An acid dragon (D:15)
  2 wargs
  2 hell hounds (D:10)
  11 water moccasins
  5 porcupines
  Duvessa (D:6)
  31 orc warriors
  A hornet zombie (D:5)
  8 ogres
  7 ice beasts
  4 phantoms
  A black bear (D:10)
  7 sky beasts
  A necrophage (D:6)
  6 wolves
  28 centaurs
  6 crocodiles
  Blork the orc (D:6)
  6 big kobolds
  14 bullfrogs
  A gnoll sergeant (D:9)
  Dowan (D:6)
  A wyvern skeleton (D:6)
  9 killer bees
  2 scorpions
  2 troll zombies (D:12)
  4 electric eels
  2 howler monkeys
  9 crimson imps
  6 jellies
  4 hounds
  12 orc priests
  A bullfrog skeleton (D:6)
  5 centaur skeletons
  A gnoll shaman (D:8)
  7 iguanas
  13 orc wizards
  Natasha (thrice) (D:4)
  10 worker ants
  4 ogre zombies (D:12)
  A hound skeleton (D:5)
  A worker ant zombie (D:9)
  Robin (D:4)
  20 gnolls
  7 adders
  4 river rats
  6 shadow imps
  An adder zombie (D:6)
  2 dart slugs
  3 worms (D:2)
  2 leopard geckos
  63 orcs
  2 ball pythons
  7 bats
  4 giant cockroaches
  22 goblins
  24 hobgoblins
  21 jackals
  2 quokkas
  A ball python skeleton (D:4)
  4 frilled lizards
  A goblin skeleton (D:12)
  A hobgoblin skeleton (D:12)
  5 hobgoblin zombies (D:12)
  60 kobolds
  A leopard gecko skeleton (D:4)
  2 orc skeletons (D:12)
  10 orc zombies (D:12)
  12 rats
  2 plants (Lair:6)
763 creatures vanquished.

Vanquished Creatures (collateral kills)
  Snorg (Lair:6)
  2 hydras (Lair:6)
  A two-headed ogre (D:9)
  2 orb spiders (Spider:1)
  A deep elf mage (D:15)
  A spiny frog (Lair:6)
  A komodo dragon (Lair:6)
  A blink frog (Lair:4)
  6 dream sheep (Lair:6)
  2 hippogriffs
  A redback (Spider:1)
  4 yaks
  A water moccasin (Lair:6)
  An orc warrior (Orc:2)
  2 ogres
  A big kobold (D:6)
  A bullfrog (Lair:1)
  A killer bee (D:11)
  A gnoll shaman (D:6)
  2 orc wizards
  3 gnolls
  7 orcs
  A hobgoblin (Bailey)
  A jackal (Sewer)
  4 kobolds
49 creatures vanquished.

Vanquished Creatures (others)
  3 orc warriors (Orc:2)
  5 centaurs (Orc:2)
  An iguana (D:12)
  2 orcs (Orc:2)
  10 fungi
  9 plants
30 creatures vanquished.

Grand Total: 842 creatures vanquished

Notes
Turn   | Place    | Note
-------+----------+-------------------------------------------
     0 | D:1      | diana the Demonspawn Gladiator began the quest for the Orb.
     0 | D:1      | Reached XP level 1. HP: 16/16 MP: 1/1
    62 | D:1      | Gained mutation: You sometimes gain a little power by taking damage. [demonic ancestry]
    62 | D:1      | Reached XP level 2. HP: 3/22 MP: 2/2
   383 | D:1      | Reached skill level 3 in Long Blades
   962 | D:2      | Reached XP level 3. HP: 14/27 MP: 3/3
  1346 | D:2      | Found a shimmering altar of Xom.
  1705 | D:2      | Reached XP level 4. HP: 25/34 MP: 4/4
  1844 | D:2      | Reached skill level 1 in Armour
  1909 | D:2      | Noticed a moth of wrath
  1912 | D:2      | Found a bloodstained altar of Trog.
  1930 | D:2      | Became a worshipper of Trog the Wrathful
  2129 | D:2      | Found an ornate altar of the Wu Jian Council.
  2686 | D:3      | Found an ancient bone altar of Kikubaaqudgha.
  2692 | D:3      | Found a hide-covered altar of Uskayaw.
  2763 | D:3      | Reached skill level 4 in Long Blades
  2827 | D:3      | Reached XP level 5. HP: 17/39 MP: 5/5
  3149 | D:3      | Reached * piety under Trog
  3153 | D:3      | Found a faded altar of an unknown god.
  3537 | D:4      | Noticed Robin
  3541 | D:4      | Killed Robin
  3544 | D:4      | Noticed an ogre
  3713 | D:4      | Killed an ogre
  3713 | D:4      | Reached XP level 6. HP: 33/47 MP: 6/6
  3898 | D:4      | Reached skill level 5 in Long Blades
  3994 | D:4      | Noticed Natasha
  3997 | D:4      | Killed Natasha
  4013 | D:4      | Noticed Natasha
  4016 | D:4      | Killed Natasha
  4325 | D:4      | Gained mutation: A weak demonic guardian rushes to your aid. [demonic ancestry]
  4325 | D:4      | Reached XP level 7. HP: 27/52 MP: 7/7
  4400 | D:4      | Noticed Natasha
  4404 | D:4      | Killed Natasha
  4553 | D:4      | Found a shadowy altar of Dithmenos.
  4859 | D:5      | Entered Level 5 of the Dungeon
  4988 | D:5      | Found a staircase to the Ecumenical Temple.
  5094 | D:5      | Reached ** piety under Trog
  5149 | D:5      | Reached skill level 6 in Long Blades
  5229 | D:5      | Found a glowing drain.
  5233 | Sewer    | Entered a sewer
  5579 | Sewer    | Found a white marble altar of Elyvilon.
  5667 | D:5      | Noticed Curus's ghost (novice MfTm)
  5700 | D:5      | Killed Curus's ghost
  5700 | D:5      | Reached skill level 7 in Long Blades
  5700 | D:5      | Gained mutation: You have sharp fingernails. [demonic ancestry]
  5700 | D:5      | Reached XP level 8. HP: 15/60 MP: 8/8
  6173 | D:5      | Reached skill level 5 in Dodging
  6337 | D:5      | Found a white marble altar of Elyvilon.
  6834 | D:6      | Reached skill level 5 in Fighting
  7180 | D:6      | Noticed Dowan
  7182 | D:6      | Noticed Duvessa
  7193 | D:6      | Killed Duvessa
  7193 | D:6      | Reached skill level 8 in Long Blades
  7199 | D:6      | Killed Dowan
  7451 | D:6      | Noticed Blork the orc
  7455 | D:6      | Killed Blork the orc
  7455 | D:6      | Gained mutation: You are partially covered in slimy green scales. (AC +2) [demonic ancestry]
  7455 | D:6      | Reached XP level 9. HP: 53/68 MP: 9/9
  7724 | D:6      | Reached *** piety under Trog
  8026 | D:6      | Reached **** piety under Trog
  8846 | D:7      | Noticed Joseph
  8853 | D:7      | Killed Joseph
  8853 | D:7      | Reached skill level 9 in Long Blades
  9007 | D:7      | Found a glowing golden altar of the Shining One.
  9666 | D:8      | Gained mutation: You are mostly covered in slimy green scales. (AC +3) [demonic ancestry]
  9666 | D:8      | Reached XP level 10. HP: 27/77 MP: 10/10
 10052 | D:8      | Reached ***** piety under Trog
 10111 | D:8      | Reached skill level 10 in Long Blades
 10310 | D:8      | Noticed a two-headed ogre
 10319 | D:8      | Noticed a two-headed ogre
 10440 | D:9      | Found a white marble altar of Elyvilon.
 10519 | D:9      | Noticed a two-headed ogre
 10634 | D:9      | Killed a two-headed ogre
 10634 | D:9      | Reached skill level 1 in Shields
 11220 | D:9      | Noticed a two-headed ogre
 11231 | D:9      | Killed a two-headed ogre
 11231 | D:9      | Received a gift from Trog
 11479 | D:9      | Found a blossoming altar of Fedhas.
 11813 | D:9      | Reached skill level 11 in Long Blades
 11964 | D:10     | Entered Level 10 of the Dungeon
 12187 | D:10     | Found a staircase to the Lair.
 12328 | D:10     | Reached XP level 11. HP: 33/86 MP: 11/11
 12887 | D:10     | HP: 1/86 [acid (4)]
 13547 | D:11     | Noticed a white ugly thing
 13548 | D:11     | Noticed a green ugly thing
 13886 | D:10     | Killed a white ugly thing
 14095 | D:11     | Noticed a cyan ugly thing
 14137 | D:10     | Killed a cyan ugly thing
 14249 | D:11     | Killed a green ugly thing
 14294 | D:11     | Reached skill level 12 in Long Blades
 14303 | D:11     | Noticed a death knight
 14794 | Lair:1   | Entered Level 1 of the Lair of Beasts
 15875 | Lair:2   | Received a gift from Trog
 16068 | Lair:2   | Found a hole to the Spider Nest.
 16368 | Lair:2   | Noticed Rekenzichi's ghost (journeyman GrFi)
 16398 | Lair:2   | Killed Rekenzichi's ghost
 16398 | Lair:2   | Reached XP level 12. HP: 57/97 MP: 4/12
 16820 | Lair:3   | Noticed kae's ghost (journeyman GnTm)
 16885 | Lair:3   | Killed kae's ghost
 17203 | Lair:3   | Reached skill level 13 in Long Blades
 17371 | Lair:3   | Reached skill level 10 in Fighting
 18240 | Lair:4   | Noticed a five-headed hydra
 18281 | Lair:4   | Killed a seven-headed hydra
 18646 | Lair:4   | Found a staircase to the Shoals.
 18919 | Lair:4   | Noticed a five-headed hydra
 18924 | Lair:4   | Reached skill level 10 in Dodging
 18944 | Lair:4   | Killed a ten-headed hydra
 19459 | Lair:4   | You fall through a shaft!
 19817 | Lair:5   | Reached XP level 13. HP: 48/104 MP: 4/13
 19835 | Lair:5   | Received a gift from Trog
 20459 | Lair:5   | Found a viscous altar of Jiyva.
 20459 | Lair:5   | Found a staircase to the Slime Pits.
 20681 | Lair:6   | Entered Level 6 of the Lair of Beasts
 20702 | Lair:6   | Reached skill level 14 in Long Blades
 21497 | Lair:5   | Reached skill level 5 in Shields
 21735 | Lair:6   | Gained mutation: You can translocate small distances at will. [potion of mutation]
 21735 | Lair:6   | Gained mutation: You passively map a small area around you. [potion of mutation]
 21735 | Lair:6   | Gained mutation: Your muscles are strong. (Str +2) [potion of mutation]
 22052 | Lair:6   | Noticed Snorg
 22127 | Lair:6   | Killed Snorg
 23860 | D:11     | Got a bloodstained falchion {venom}
 23861 | D:11     | Identified the +9 falchion of the Nexus {venom, Dex+5} (You took it off a death knight on level 11 of the Dungeon)
 24540 | D:11     | Identified the Papyrus of Dislocation
 24753 | D:12     | Noticed Harold
 24769 | D:12     | Killed Harold
 24796 | D:12     | Noticed Kirke
 24821 | D:12     | Killed Kirke
 24859 | D:12     | Reached skill level 15 in Long Blades
 25098 | D:12     | Noticed Psyche
 25114 | D:12     | Killed Psyche
 25114 | D:12     | Gained mutation: You sometimes gain power by taking damage. [demonic ancestry]
 25114 | D:12     | Reached XP level 14. HP: 88/113 MP: 14/14
 25553 | D:12     | Reached ****** piety under Trog
 25580 | D:12     | Found a staircase to the Orcish Mines.
 25958 | D:12     | Found a hazy altar of Hepliaklqana.
 25965 | D:12     | Received a gift from Trog
 25968 | D:12     | Got a transparent long sword {god gift}
 25969 | D:12     | Identified the +9 long sword "Cuosio" {flame, *Contam rPois Int+5} (Trog gifted it to you on level 12 of the Dungeon)
 25982 | D:12     | Gained mutation: You are clumsy. (Dex -2) [mutagenic glow]
 26111 | D:13     | Found a gate to the Vaults.
 26249 | D:13     | Found a flagged portal.
 26257 | Bailey   | Entered a bailey
 26477 | Bailey   | Found an iron altar of Okawaru.
 27509 | Bailey   | Got a distressingly furry scale mail
 27520 | Bailey   | Identified the +4 scale mail "Acileazy" {*Drain rPois MR++} (You found it in a bailey)
 27754 | D:13     | Reached skill level 1 in Evocations
 28349 | D:14     | Received a gift from Trog
 28925 | D:15     | Entered Level 15 of the Dungeon
 29676 | D:15     | Found the ring of the Mage {Wiz MR++ Int+3}
 29975 | D:15     | Found a staircase to the Depths.
 29985 | D:15     | Received a gift from Trog
 31594 | Orc:1    | Entered Level 1 of the Orcish Mines
 31817 | Orc:1    | Found Ucyanaez's Jewellery Boutique.
 32010 | Orc:2    | Entered Level 2 of the Orcish Mines
 32010 | Orc:2    | Noticed Nessos
 32531 | Orc:2    | Gained mutation: You are powered by pain. [demonic ancestry]
 32531 | Orc:2    | Reached XP level 15. HP: 89/121 MP: 17/17
 32540 | Orc:2    | Killed Nessos
 32697 | Orc:2    | Found a staircase to the Elven Halls.
 33073 | Orc:2    | Reached skill level 16 in Long Blades
 33676 | Orc:2    | Received a gift from Trog
 33877 | Orc:2    | Found Vuanecs's Antique Armour Shoppe.
 33877 | Orc:2    | Found Ypnoqigiab's Armour Shop.
 33879 | Orc:2    | Found Fekoil's Antique Armour Boutique.
 33881 | Orc:2    | Found Wiuveosi's Jewellery Emporium.
 33896 | Orc:2    | Bought a +1 pair of gloves for 149 gold pieces
 33918 | Orc:2    | Bought a dyed leather armour for 205 gold pieces
 33918 | Orc:2    | Bought a glowing helmet for 307 gold pieces
 34223 | Spider:1 | Entered Level 1 of the Spider Nest
 34297 | Spider:1 | HP: 4/122 [disintegration (35)]
 34906 | Spider:1 | Noticed Rupert
 34917 | Spider:1 | Killed Rupert
 34977 | Spider:1 | Mangled by an entropy weaver

Skill      XL: |  1  2  3  4  5  6  7  8  9 10 11 12 13 14 15 |
---------------+----------------------------------------------+-----
Long Blades    | 3 4 5 7 8 9 11 12 13 15 16 | 16.2
Dodging        | 3 4 5 6 7 9 10 11 | 11.9
Armour         | 1 2 4 |  4.9
Fighting       | 3 4 5 6 8 9 10 11 12 | 12.5
Shields        | 2 4 6 7 8 |  8.0
Evocations     | 3 4 |  4.6
Throwing       | |  1.9
Stealth        | |  0.3

Action                   |  1- 3 |  4- 6 |  7- 9 | 10-12 | 13-15 || total
-------------------------+-------+-------+-------+-------+-------++-------
Melee: Long sword        |    78 |       |       |       |       ||    78
       Great sword       |    18 |   160 |   184 |   209 |       ||   571
       Scimitar          |       |       |   198 |   135 |       ||   333
       Demon blade       |       |       |       |   263 |   250 ||   513
       Falchion          |       |       |       |       |  1144 ||  1144
Throw: Throwing net      |       |       |       |     2 |     2 ||     4
Invok: Berserk           |       |     1 |     2 |     1 |     2 ||     6
       Burn Spellbooks   |       |       |       |     1 |     4 ||     5
       Brothers in Arms  |       |       |       |     1 |     7 ||     8
       Trog's Hand       |       |       |       |       |     4 ||     4
Evoke: Wand              |       |       |       |    16 |    14 ||    30
  Use: Scroll            |       |       |     5 |     8 |    15 ||    28
       Potion            |       |       |       |     2 |    29 ||    31
 Stab: Sleeping          |       |       |     1 |     4 |     1 ||     6
       Distracted        |       |       |     1 |     4 |     4 ||     9
       Paralysed         |       |       |       |     1 |     9 ||    10
       Held in net/web   |       |       |       |     1 |       ||     1
  Eat: Chunk             |     3 |     9 |    10 |    21 |    25 ||    68
       Ration            |       |       |     3 |     4 |     9 ||    16
Armor: Leather armour    |    22 |    39 |    72 |    93 |    64 ||   290
       Scale mail        |       |       |       |       |   246 ||   246
       Skin              |       |       |       |       |    95 ||    95
Dodge: Dodged            |    77 |   138 |   351 |   401 |  1008 ||  1975
Block: Buckler           |       |       |    44 |    16 |       ||    60
       Other             |       |       |       |    68 |   206 ||   274
       Reflection        |       |       |       |       |    50 ||    50
       Large shield      |       |       |       |       |   236 ||   236
       Rpst.: Long sword |    26 |       |       |       |       ||    26
       Great sword       |     3 |    44 |    43 |    41 |       ||   131
       Scimitar          |       |       |    58 |    21 |       ||    79
       Demon blade       |       |       |       |    39 |    46 ||    85
       Falchion          |       |       |       |       |   165 ||   165
